 Dungeon Crawl Stone Soup version 0.31-a0-1074-g0b22e4e0f1 (webtiles) character file.

Game seed: 7349456649911136971

47 DApurpleWHUMPUS the Caller (level 3, -1/19 HPs)
             Began as a Deep Elf Summoner on Dec 4, 2023.
             Slain by a gnoll
             ... wielding a +0 spear
              (4 damage)
             ... on level 2 of the Dungeon.
             The game lasted 00:02:38 (1868 turns).

DApurpleWHUMPUS the Caller (Deep Elf Summoner)      Turns: 1868, Time: 00:02:39

Health: -1/19      AC:  2    Str:  5    XL:     3   Next: 48%
Magic:  9/10       EV: 13    Int: 19    God:
Gold:   59         SH:  0    Dex: 17    Spells: 9/10 levels left

rFire   + . .        e - +0 rapier
rCold   . . .        (no shield)
rNeg    . . .        a - +0 robe
rPois   .            (no helmet)
rElec   .            (no cloak)
rCorr   .            (no gloves)
SInv    .            (no boots)
Will    .....        (no amulet)
Stlth   ++           d - ring of protection from fire
HPRegen 0.23/turn    (no ring)
MPRegen 0.12/turn

%: no passive effects
@: no status effects
A: no striking features
a: no special abilities


You were on level 2 of the Dungeon.
You visited 1 branch of the dungeon, and saw 2 of its levels.

You collected 59 gold pieces.

Inventory:

Hand Weapons
 e - a +0 rapier (weapon)
Armour
 a - a +0 robe (worn)
Jewellery
 c - a ring of flight
 d - a ring of protection from fire (left hand)
 m - a ring of resist corrosion
Scrolls
 f - a scroll of blinking {unknown}
 h - a scroll of noise {unknown}
 k - a scroll of revelation {unknown}
Potions
 b - a potion of magic
 g - a potion of curing {unknown}
 i - a potion of attraction {unknown}
 j - a potion of berserk rage {unknown}
 l - a potion of might {unknown}


   Skills:
 - Level 2.4 Dodging
 - Level 2.4 Stealth
 + Level 4.3 Spellcasting
 + Level 5.1 Summonings


You had 9 spell levels left.
You knew the following spells:

 Your Spells              Type           Power      Damage    Failure   Level
a - Summon Small Mammal   Summ           92%        N/A       1%          1

Your spell library contained the following spells:

 Spells                   Type           Power      Damage    Failure   Level
 Call Imp                 Summ           46%        N/A       2%          2
 Call Canine Familiar     Summ           23%        N/A       4%          3
 Freeze                   Ice            16%        1d4       13%         1
 Summon Guardian Golem    Hex/Summ       13%        N/A       14%         3
 Wereblood                Tmut           4%         N/A       21%         2
 Frozen Ramparts          Ice            8%         1d2       36%         3
 Hailstorm                Conj/Ice       4%         3d4       36%         3
 Summon Lightning Spire   Summ/Air       13%        N/A       41%         4
 Irradiate                Conj/Tmut      2%         3d12      98%         5


Dungeon Overview and Level Annotations

Branches:
Dungeon (2/15)

Altars:


Message History

The giant cockroach bites you but does no damage.
You closely miss the giant cockroach.
The giant cockroach is severely wounded.
Your rat bites the giant cockroach.
The giant cockroach misses you.
Your quokka closely misses the giant cockroach.
You hit the giant cockroach but do no damage.
The giant cockroach is almost dead.
The giant cockroach bites you.
Your quokka closely misses the giant cockroach.
Your rat misses the giant cockroach. You hit the giant cockroach.
You kill the giant cockroach!
No target in view!
No target in view!
Your rat disappears in a puff of smoke!
Found a whip.
No target in view!
Found a trident.
No target in view!
Found a chain mail and a pair of gloves.
No target in view!
You swap places.
Your quokka disappears in a puff of smoke!
A gnoll and an orc come into view.
Found a stone staircase leading down.
A gnoll comes into view. It is wielding a +0 flail.
There are monsters nearby! 2 gnolls come into view.
The gnoll shouts!
There are monsters nearby!
The gnoll shouts!
The orc shouts!
The orc barely misses you.
The gnoll hits you from afar with a +0 spear.
There are monsters nearby!
The gnoll hits you with a +0 spear. The orc hits you with a +0 hand axe.
The gnoll misses you.
The gnoll hits you from afar with a +0 spear.
* * * LOW HITPOINT WARNING * * *
The gnoll hits you with a +0 spear.
You die...

##... #.# ##.. #... #.#....
#... # #.##.. #.. #.## #.##.#
#.. #.... #.##.#######.#
#..#.##.#..........####.
##...>og.......###<......
.....ggg@r.........)#####
##.##.#####..#...##.#
#.##.#####..###....#####
#######.##........#####......#
#.......#########.#...........
#.......#.........#.####.###.#
#................## #.##..#
#.##................#
###......
#...................#
#........


You could see 4 gnolls, an orc and a friendly rat (summoned).

Vanquished Creatures
  2 endoplasms (D:2)
  2 giant cockroaches (D:2)
  A hobgoblin (D:2)
  3 kobolds
  2 ball pythons (D:2)
  5 bats
  A goblin (D:1)
16 creatures vanquished.

Vanquished Creatures (collateral kills)
  2 dart slugs (D:1)
  3 ball pythons
  A bat (D:1)
  2 endoplasms (D:1)
  A giant cockroach (D:1)
  A goblin (D:2)
  2 hobgoblins (D:1)
  4 jackals (D:1)
  2 quokkas (D:1)
  A frilled lizard (D:1)
  2 rats (D:1)
21 creatures vanquished.

Grand Total: 37 creatures vanquished

Notes
Turn   | Place    | Note
-------+----------+-------------------------------------------
     0 | D:1      | DApurpleWHUMPUS the Deep Elf Summoner began the quest for
                  | the Orb.
     0 | D:1      | Reached XP level 1. HP: 10/10 MP: 6/6
   250 | D:1      | Reached XP level 2. HP: 9/15 MP: 4/8
  1335 | D:1      | Reached skill level 5 in Summonings
  1335 | D:1      | Reached XP level 3. HP: 19/19 MP: 8/10
  1868 | D:2      | Slain by a gnoll

Illustrated notes

Levels and vault maps discovered:
D:1:      sevenhm_arrival_forest_fort_small_6, layout_basic, serial_glass,
          glass_columns_a, glass_columns_b, due_unseen_surprise,
          roderic_serpentine_path
D:2:      layout_basic, minmay_quadrilaterals

Skill      XL: |  1  2 |
---------------+-------+-----
Spellcasting   | 4 |  4.3
Summonings     | 5 |  5.1
Dodging        | |  2.4
Stealth        | |  2.4

Action                     || total
---------------------------++-------
  Melee: Rapier            ||    55
         Unarmed           ||     2
   Cast: Summon Small Mamm ||    64
   Stab: Sleeping          ||     3
 Armour: Robe              ||    47
  Dodge: Dodged            ||    56

Table legend: (Time is in decaauts)
 A = Elapsed time spent in this place.
 B = Non-inter-level travel time spent in this place.
 C = Inter-level travel time spent in this place.
 D = Time resting spent in this place.
 E = Time spent auto-exploring this place.
 F = Levels seen in this place.
 G = Mean time per level.
                   A        B        C        D        E       F      G
               +--------+--------+--------+--------+--------+-----+--------+
         Total |   1877 |   1856 |     21 |      0 |   1421 |   2 |  938.5 |
       Dungeon |   1877 |   1856 |     21 |      0 |   1421 |   2 |  938.5 |
               +--------+--------+--------+--------+--------+-----+--------+

Top non-repeatable levels by time:
     D:1: 1433 daAuts
     D:2: 444 daAuts
